 Dungeon Crawl Stone Soup version 0.27-a0-1319-geec4fb4e21 (webtiles) character file.

Game seed: 12124191754615157135

5 flotson the Sneak (level 1, 0/18 HPs)
             Began as a Demonspawn Delver on June 22, 2021.
             Slain by an adder (3 damage)
             ... on level 2 of the Dungeon.
             The game lasted 00:00:38 (215 turns).

flotson the Sneak (Demonspawn Delver)                Turns: 215, Time: 00:00:39

Health: 0/18       AC:  5    Str: 12    XL:     1   Next: 66%
Magic:  1/1        EV: 10    Int: 11    God:
Gold:   13         SH:  0    Dex: 14    Spells: 0/0 levels left

rFire    . . .     SeeInvis .   a - +0 hand axe
rCold    . . .     Faith    .   (no shield)
rNeg     . . .     Spirit   .   h - +0 ring mail
rPois    .         Reflect  .   (no helmet)
rElec    .         Harm     .   (no cloak)
rCorr    .         Rampage  .   (no gloves)
Will     .....                  (no boots)
Stlth    ++........             (no amulet)
HPRegen  0.06/turn              (no ring)
MPRegen  0.07/turn              (no ring)

@: lethally poisoned (0 -> -5), hasted, very quick
A: no striking features
a: no special abilities


You were on level 2 of the Dungeon.
You visited 1 branch of the dungeon, and saw 4 of its levels.

You collected 13 gold pieces.

Inventory:

Hand Weapons
 a - a +0 hand axe (weapon)
Armour
 h - a +0 ring mail (worn)
Wands
 g - a wand of digging (3)
Scrolls
 b - a scroll of immolation {unknown}
 c - a scroll of fog
 d - a scroll of magic mapping
 e - a scroll of fear


   Skills:
 + Level 3.1 Fighting
 + Level 1.9 Axes
 + Level 0.3 Armour
 + Level 1.9 Dodging
 - Level 4.5 Stealth


You couldn't memorise any spells.
You didn't know any spells.
Your spell library was empty.

Dungeon Overview and Level Annotations

Branches:
Dungeon (5/15)
 Temple: D:4-7

Altars:


Message History

There is a stone staircase leading down here.
A ball python comes into view.
The adder barely misses you. The adder bites you but does no damage.
You feel yourself speed up. The adder bites you.
You are poisoned.
The adder poisons you!
You closely miss the adder.
You feel sick. The adder bites you.
You barely miss the adder.
You feel sick. The adder closely misses you.
You closely miss the adder.
You feel sick. The adder bites you.
You closely miss the adder. You hit the ball python.
You feel sick.
You are no longer poisoned.
The adder closely misses you. The ball python bites you.
The ball python grabs you. The ball python constricts you.
You barely miss the adder. You hit the ball python.
You kill the ball python!
The adder bites you.
You miss the adder. The adder bites you but does no damage.
The adder closely misses you.
You barely miss the adder. The adder barely misses you.
You hit the adder.
The adder is heavily wounded.
The adder misses you.
You hit the adder.
The adder is almost dead.
The adder closely misses you.
You miss the adder.
The adder is almost dead.
The adder bites you.
* * * LOW HITPOINT WARNING * * *
You are lethally poisoned!
The adder poisons you!
You hit the adder but do no damage.
The adder is almost dead.
* * * LOW HITPOINT WARNING * * *
You feel sick. The adder bites you but does no damage.
You barely miss the adder.
The adder is almost dead.
* * * LOW HITPOINT WARNING * * *
You feel sick. The adder bites you.
You die...

#########
#.....S.. #.#
#@# #S# #.# . #
#.#
....#.#.#######
.......>.......
........###.###
........#
........#


You could see an adder.

Vanquished Creatures
  A dart slug (D:4)
  A giant cockroach (D:3)
  A ball python (D:2)
  A frilled lizard (D:3)
4 creatures vanquished.

Notes
Turn   | Place    | Note
-------+----------+-------------------------------------------
     0 | D:5      | flotson the Demonspawn Delver began the quest for the Orb.
     0 | D:5      | Reached XP level 1. HP: 18/18 MP: 1/1
   215 | D:2      | Slain by an adder

Illustrated notes

Levels and vault maps discovered:
D:2:      layout_basic, ebering_ecumenical_altar_abandoned, serial_shops,
          nicolae_diamond_shop
D:3:      layout_loops_ring, uniq_terence
D:4:      layout_basic, lemuel_tele_altar, kennysheep_mini
D:5:      layout_gridville, zin_treasury, old_standard_altar, serial_shops,
          nicolae_shop_behind_doors, serial_glass, glass_columns_b,
          glass_columns_a, ebering_ghost_disaster_area, eino_tiny_chamber,
          hangedman_decor_push, chequers_mini_garden

Action                   || total
-------------------------++-------
Melee: Hand axe          ||    31
  Use: Potion            ||     1
 Stab: Sleeping          ||     1
Armor: Ring mail         ||     7
Dodge: Dodged            ||    19

Table legend: (Time is in decaauts)
 A = Elapsed time spent in this place.
 B = Non-inter-level travel time spent in this place.
 C = Inter-level travel time spent in this place.
 D = Time resting spent in this place.
 E = Time spent auto-exploring this place.
 F = Levels seen in this place.
 G = Mean time per level.
                   A        B        C        D        E       F      G
               +--------+--------+--------+--------+--------+-----+--------+
         Total |    216 |    210 |      6 |      0 |    126 |   4 |   54.0 |
       Dungeon |    216 |    210 |      6 |      0 |    126 |   4 |   54.0 |
               +--------+--------+--------+--------+--------+-----+--------+

Top non-repeatable levels by time:
     D:3: 142 daAuts
     D:4: 50 daAuts
     D:2: 17 daAuts
     D:5: 6 daAuts
